 Dungeon Crawl Stone Soup version 0.23-b1-70-gd12f7cf (webtiles) character file.

Game seed: 18203418450311298277

118 poirepourri the Covert (level 4, -9/21 HPs)
             Began as a Spriggan Enchanter on Feb 6, 2019.
             Killed by nerve-wracking pain
             ... invoked by an orc priest
              (14 damage)
             ... on level 3 of the Dungeon.
             The game lasted 00:02:19 (2786 turns).

poirepourri the Covert (Spriggan Enchanter)         Turns: 2786, Time: 00:02:19

Health: -9/21      AC:  2    Str:  4    XL:     4   Next: 72%
Magic:  5/9        EV: 18    Int: 16    God:
Gold:   97         SH:  0    Dex: 17    Spells: 2/8 levels left

rFire    . . .     SeeInvis +   a - +1 dagger
rCold    . . .     Gourm    .   (shield restricted)
rNeg     . . .     Faith    .   b - +0 robe
rPois    .         Spirit   .   (helmet restricted)
rElec    .         Reflect  .   (no cloak)
rCorr    .         Harm     .   (gloves unavailable)
MR       .....                  (boots unavailable)
Stlth    ++++......             (no amulet)
HPRegen  0.07/turn              (no ring)
MPRegen  0.11/turn              (no ring)

@: lethally poisoned (-9 -> -12), about to teleport, very slightly contaminated,
very quick
A: very small, unfitting armour, see invisible, herbivore, speed 3, slow
metabolism 2
a: no special abilities


You were on level 3 of the Dungeon.
You were not hungry.

You visited 1 branch of the dungeon, and saw 3 of its levels.

You collected 97 gold pieces.

Inventory:

Hand Weapons
 a - a +1 dagger (weapon)
Armour
 b - a +0 robe (worn)
 n - a +0 buckler
Jewellery
 e - an uncursed amulet of the acrobat {unknown}
Potions
 c - 2 potions of curing {unknown}
 f - a potion of flight
 g - a potion of mutation
 m - a potion of degeneration {unknown}
 o - a potion of brilliance {unknown}
Comestibles
 d - 4 rations


   Skills:
 - Level 1.1 Short Blades
 - Level 3.0 Dodging
 + Level 8.6 Stealth
 - Level 2.6 Spellcasting
 - Level 3.6 Hexes


You had 2 spell levels left.
You knew the following spells:

 Your Spells              Type           Power        Failure   Level  Hunger
a - Corona                Hex            ##.....      4%          1    #......
b - Ensorcelled Hibernat  Hex/Ice        #.....       14%         2    ##.....
c - Confuse               Hex            ##......     13%         3    ###....

Your spell library contained the following spells:

 Spells                   Type           Power        Failure   Level  Hunger
 Tukima's Dance           Hex            ##......     13%         3    ###....
 Dazzling Spray           Conj/Hex       #.....       28%         3    ###....


Dungeon Overview and Level Annotations

Branches:
Dungeon (3/15)

Altars:
Makhleb


Innate Abilities, Weirdness & Mutations

You are very small and have problems with some larger weapons.
You are too small for most types of armour.
You have supernaturally acute eyesight. (SInv)
You are a herbivore.
You cover ground extremely quickly.
You need to consume almost no food.


Message History

Aiming: Ensorcelled Hibernation (safe; 14% risk of failure)
Press: ? - help, Shift-Dir - straight line, f/p - orc
Aim: an orc, wielding a +0 dagger (chance to defeat MR: 56%)
You miscast Ensorcelled Hibernation.
You are very lightly contaminated with residual magic.
Nothing appears to happen.
The adder misses you. The orc barely misses you.
The orc priest hits you with a +0 mace. The orc closely misses you.
The adder bites you.
You are poisoned.
The adder poisons you!
Unknown command.
As you read the scroll of teleportation, it crumbles to dust.
You feel strangely unstable.
You feel sick. The orc misses you.
The orc hits you with a cursed +0 short sword.
The adder misses you. The orc hits you with a +0 dagger.
* * * LOW HITPOINT WARNING * * *
The orc priest invokes the aid of Beogh against you.
Pain shoots through your body!
Ouch! That really hurt!
You die...

##### .. #.....#
######.## ....#.#
#........ #.#.#.#
#........ #.#.#.#
#........ #.#####.#.#.#
#..oZ....
#...........####oo......
######.#.#....o@S....#
#.....#†....#########
#.#######.#.# #.#
#...#...
#.#######.######
#..).........(..
########.###### #......#
#.######


You could see an orc priest, an adder, 3 orcs and a worker ant zombie.

Vanquished Creatures
  A hound (D:2)
  Terence (D:2)
  2 adders (D:2)
  A dart slug (D:2)
  3 leopard geckos (D:1)
  An orc (D:3)
  A ball python (D:2)
  3 bats
  4 giant cockroaches
  5 goblins
  5 hobgoblins
  4 frilled lizards
  5 kobolds
  4 rats
40 creatures vanquished.

Notes
Turn   | Place    | Note
-------+----------+-------------------------------------------
     0 | D:1      | poirepourri the Spriggan Enchanter began the quest for the
                  | Orb.
     0 | D:1      | Reached XP level 1. HP: 9/9 MP: 5/5
   305 | D:1      | Reached skill level 5 in Stealth
   495 | D:1      | Reached XP level 2. HP: 10/13 MP: 6/6
   766 | D:1      | Learned a level 2 spell: Ensorcelled Hibernation
  1002 | D:1      | Reached skill level 6 in Stealth
  1317 | D:1      | Reached XP level 3. HP: 14/16 MP: 8/8
  1473 | D:2      | Found a burning altar of Makhleb.
  1476 | D:2      | Reached skill level 7 in Stealth
  1476 | D:2      | Reached XP level 4. HP: 21/21 MP: 9/9
  1728 | D:2      | Noticed Terence
  2007 | D:1      | Learned a level 3 spell: Confuse
  2122 | D:2      | Killed Terence
  2122 | D:2      | Reached skill level 8 in Stealth
  2786 | D:3      | Killed from afar by an orc priest

Skill      XL: |  1  2  3  4 |
---------------+-------------+-----
Stealth        | 5 6 7 8 |  8.6
Short Blades   | |  1.1
Dodging        | |  3.0
Spellcasting   | |  2.6
Hexes          | |  3.6

Action                   |  1- 3 |  4- 6 || total
-------------------------+-------+-------++-------
Melee: Dagger            |   110 |    49 ||   159
 Cast: Corona            |     2 |       ||     2
       Ensorcelled Hiber |     4 |     7 ||    11
       Confuse           |       |     2 ||     2
  Use: Scroll            |       |    10 ||    10
       Potion            |       |     1 ||     1
 Stab: Sleeping          |    12 |     6 ||    18
       Distracted        |       |     1 ||     1
       Confused          |       |     1 ||     1
  Eat: Ration            |       |     1 ||     1
Armor: Robe              |    15 |     5 ||    20
Dodge: Dodged            |   107 |    44 ||   151
